 Dungeon Crawl Stone Soup version 0.32-a0-893-gf85d74f360 (webtiles) character file.

Game seed: 12770218896128873951

93 pokedragonboy the Grasshopper (level 4, -1/36 HPs)
             Began as an Armataur Warper on Apr 3, 2024.
             Succumbed to a kobold brigand's curare-tipped dart
             ... on level 3 of the Dungeon.
             The game lasted 00:05:13 (1971 turns).

pokedragonboy the Grasshopper (Armataur Warper)     Turns: 1971, Time: 00:05:14

Health: -1/36      AC:  8    Str: 16 (19) XL:     4   Next: 36%
Magic:  6/6        EV:  4    Int: 12 (13) God:
Gold:   104        SH:  0    Dex:  8 (9)  Spells: 1/6 levels left

rFire   . . .        a - +0 hand axe
rCold   + . .        (no shield)
rNeg    . . .        y - +1 chain mail
rPois   .            (no helmet)
rElec   .            p - scarf {shadows}
rCorr   .            (no gloves)
SInv    .            (no barding)
Will    .....        (no amulet) Stlth
                     g - ring of protection from cold
HPRegen 0.26/turn    (no ring)
MPRegen 0.10/turn

%: roll
@: lethally poisoned (-1 -> -12), attractive, slowed, very slow
A: large, deformed body, tough skin 3, armoured tail, rollpage 1
a: no special abilities


You were on level 3 of the Dungeon.
You visited 1 branch of the dungeon, and saw 3 of its levels.

You collected 104 gold pieces.

Inventory:

Hand Weapons
 a - a +0 hand axe (weapon)
 b - a +1 heavy mace
 o - the +4 short sword of Termination {venom, rN+}
   (You found it on level 2 of the Dungeon)

   rN+:       It protects you from negative energy.
Missiles
 d - 7 darts of dispersal (quivered)
 r - 9 poisoned darts
Armour
 p - a scarf of shadows (worn)
 y - a +1 chain mail (worn)
Jewellery
 g - a ring of protection from cold (left hand)
Wands
 s - a wand of iceblast (12)
Scrolls
 c - a scroll of blinking
 i - a scroll of silence {unknown}
 k - a scroll of acquirement {unknown}
 n - a scroll of enchant armour
 u - a scroll of enchant weapon {unknown}
 v - a scroll of poison {unknown}
 w - a scroll of fear {unknown}
Potions
 e - a potion of degeneration
 f - 2 potions of enlightenment
 h - a potion of resistance
 m - a potion of ambrosia {unknown}
 q - a potion of might {unknown}
 t - a potion of heal wounds {unknown}
 x - a potion of lignification {unknown}


   Skills:
 + Level 2.3 Fighting
 * Level 2.6 Axes
 - Level 0.8 Throwing
 + Level 2.2 Armour
 - Level 1.3 Dodging
 - Level 1.7 Spellcasting
 * Level 3.8 Translocations


You had one spell level left.
You knew the following spells:

 Your Spells              Type           Power      Damage    Failure   Level
j - Teleport Other        Tloc           10%        N/A       91%         3
n - Blink                 Tloc           20%        N/A       73%         2

Your spell library contained the following spells:

 Spells                   Type           Power      Damage    Failure   Level
 Lesser Beckoning         Tloc           20%        N/A       73%         2
 Maxwell's Portable Pile  Tloc           10%        2d(6-16)  91%         3
 Static Discharge         Conj/Air       2%         3-4/arc   99%         2
 Sublimation of Blood     Necr           1%         N/A       99%         2
 Stone Arrow              Conj/Erth      2%         3d7       100%        3
 Animate Armour           Summ/Erth      2%         N/A       100%        4
 Vhi's Electric Charge    Tloc/Air       10%        N/A       100%        4
 Lehudib's Crystal Spear  Conj/Erth      0%         10d2      100%        8


Dungeon Overview and Level Annotations

Branches:
Dungeon (3/15)

Altars:

Shops:
D:2 :!

Annotations:
D:3 2 transporters, pokedragonboy's ghost, amateur OnBe


Innate Abilities, Weirdness & Mutations

Armour fits poorly on your strangely shaped body.
You have extremely tough skin. (AC +3)
You have a long armoured tail.
You regenerate magic when rolling toward enemies. (Rampage MPRegen)


Message History

A bat is nearby!
You barely miss the bat. The bat hits you.
A bat is nearby!
You hit the bat. You tail-slap the bat.
You kill the bat!
No target in view!
A kobold brigand comes into view.
It is wielding a +0 dagger and quivering curare-tipped darts.
The kobold brigand shouts!
The kobold brigand throws a curare-tipped dart.
The curare-tipped dart hits you.
You are poisoned.
You have difficulty breathing.
You feel yourself slow down.
You feel very sick.
Okay, then.
As you read the scroll labelled OLEPRI ENGI, it crumbles to dust.
It is a scroll of enchant armour.
Your +0 chain mail glows green for a moment.
You feel sick.
Throw: 7 darts (disperse)
Press: ? - help, Q - select action, (/) - cycle Shift-Dir - straight line, f - kobold brigand
Aim: a kobold brigand, wielding a +0 dagger and quivering curare-tipped darts (40% to hit)
Okay, then.
Okay, then.
You feel sick.
The kobold brigand throws a curare-tipped dart.
The curare-tipped dart hits you.
You are lethally poisoned!
You have difficulty breathing.
You feel as though you will be slow longer.
* * * LOW HITPOINT WARNING * * *
You feel extremely sick.
Okay, then.
It was a potion of attraction.
You feel attractive to monsters.
* * * LOW HITPOINT WARNING * * *
You feel very sick.
It was a potion of degeneration.
There was something very wrong with that liquid.
You feel weakened.
You feel dopey.
You feel clumsy.
You die...

#.# #.### #...######
##### #.#.##...# #...#
#.#.##.#.###.#.#
#####.#..>.#.#...#.###
#.....####.#.#.#.....#
#.##### #.#.#.....#.#
#.# ###.#.†@#.# ..
#.#####.####.#..K#(#..K#
..............<>.....# #
#.#####.####..#......#
..## ..#..#......# ..ß#
#.#.........## ...###
##.##.#..##.... ß.ß.ß##
#........)..# ._....#
#.#.#.#..#####


You could see a kobold brigand.

Vanquished Creatures
  2 adders (D:2)
  A ribbon worm (D:2)
  A dart slug (D:1)
  8 endoplasms
  5 giant cockroaches
  10 goblins
  5 hobgoblins
  4 kobolds
  9 quokkas
  3 ball pythons
  7 bats
  3 frilled lizards
  2 rats
60 creatures vanquished.

Notes
Turn   | Place    | Note
-------+----------+-------------------------------------------
     0 | D:1      | pokedragonboy the Armataur Warper began the quest for the
                  | Orb.
     0 | D:1      | Reached XP level 1. HP: 17/17 MP: 3/3
   116 | D:1      | Reached XP level 2. HP: 22/24 MP: 4/4
   194 | D:1      | Got the Commentary on Creeping Lightning
   816 | D:1      | Reached XP level 3. HP: 29/29 MP: 5/5
  1068 | D:2      | Found Fan Ezer's Book Emporium.
  1167 | D:2      | Identified the +4 short sword of Termination {venom, rN+}
  1212 | D:2      | Reached XP level 4. HP: 36/36 MP: 6/6
  1503 | D:2      | Found Fegusemp's Distillery.
  1733 | D:3      | Found a faded altar of an unknown god.
  1787 | D:3      | Noticed pokedragonboy's ghost (amateur OnBe)
  1791 | D:3      | Found a transporter.
  1806 | D:3      | Found a transporter.
  1871 | D:3      | Learned a level 2 spell: Blink
  1875 | D:3      | Learned a level 3 spell: Teleport Other
  1965 | D:3      | Noticed a kobold brigand
  1971 | D:3      | Succumbed to a kobold brigand's curare-tipped dart

Illustrated notes

Levels and vault maps discovered:
D:1:      ncdulo_lavacross, layout_basic
D:2:      layout_rooms, serial_shops, shop, shop, st_stairs_10,
          serial_bayou_crossing
D:3:      layout_basic, mainiacjoe_overflow_big_doors,
          ebering_ecumenical_altar_ruins, gammafunk_ghost_arena

Skill      XL: |  1  2  3 |
---------------+----------+-----
Fighting       | 2 |  2.3
Axes           | 2 |  2.6
Armour         | 2 |  2.2
Throwing       | |  0.8
Dodging        | |  1.3
Spellcasting   | |  1.7
Translocations | |  3.8

Action                     |  1- 3 |  4- 6 || total
---------------------------+-------+-------++-------
  Melee: Hand axe          |   108 |    37 ||   145
         Tailslap          |    10 |     3 ||    13
    Use: Scroll            |     2 |     1 ||     3
         Potion            |       |     2 ||     2
 Armour: Leather armour    |    30 |       ||    30
         Ring mail         |    42 |    16 ||    58
         Chain mail        |       |     2 ||     2
  Dodge: Dodged            |    58 |    10 ||    68

Table legend: (Time is in decaauts)
 A = Elapsed time spent in this place.
 B = Non-inter-level travel time spent in this place.
 C = Inter-level travel time spent in this place.
 D = Time resting spent in this place.
 E = Time spent auto-exploring this place.
 F = Levels seen in this place.
 G = Mean time per level.
                   A        B        C        D        E       F      G
               +--------+--------+--------+--------+--------+-----+--------+
         Total |   2000 |   1903 |     97 |      0 |   1471 |   3 |  666.7 |
       Dungeon |   2000 |   1903 |     97 |      0 |   1471 |   3 |  666.7 |
               +--------+--------+--------+--------+--------+-----+--------+

Top non-repeatable levels by time:
     D:1: 895 daAuts
     D:2: 752 daAuts
     D:3: 352 daAuts
